[Event "Championnat d'Europe de Blitz"]
[Date "2024.12.09"]
[White "Alonso Rosell, Alvar"]
[Black "Kalezic, Blazo"]
[WhiteElo "2532"]
[BlackElo "2382"]
[Round "10.13"]
[Result "1-0"]
[TimeControl "180+2"]

1. d4 d5 2.
Nf3 Nf6 3.
e3 c6 4. h3 Bf5 5. Nh4 Be4 6. Nd2 e6 7. Nhf3 Nbd7 8. Nxe4 Nxe4 9. Bd3 f5 10. c3 Bd6 11. Qc2 O-O 12. b3 Rc8 13. Bb2 c5 14. O-O cxd4 15. exd4 Rf6 16. c4 Rg6 17. Qe2 Qe7 18. Rac1 Rf8 19. c5 Bf4 20. Rc2 e5 21. Bb5 exd4 22. c6 bxc6 23. Bxc6 Ndf6 24. Nxd4 Bb8 25. Nxf5 Qd8 26. Bxf6 Rgxf6 27. Bxd5+ Kh8 28. Bxe4 Qe8 29. Bd3 Qd7 30. Qe7 Qxe7 31.
Nxe7 1-0

[Site "Europe Echecs"]

[Event "Championnat d'Europe de Blitz"]
[Date "2024.12.09"]
[White "Samunenkov, Ihor"]
[Black "Dardha, Daniel"]
[WhiteElo "2543"]
[BlackElo "2639"]
[Round "10.14"]
[Result "0-1"]
[TimeControl "180+2"]

1. d4 Nf6 2.
c4 e6 3. g3 c5 4. d5 exd5 5. cxd5 d6 6. Nc3 g6 7. Nf3 Bg7 8. Bg2 O-O 9. O-O Re8 10. Re1 a6 11. a4 Nbd7 12. Bf4 Ng4 13. h3 Nge5 14. Ne4 Qc7 15. Qc1 Rb8 16. Nxe5 Rxe5 17. Bxe5 Nxe5 18. Qf4 Qe7 19. g4 f5 20. gxf5 Bxf5 21. Qg5 Qf8 22. Rad1 Re8 23. Qg3 Nc4 24. b3 Nb2 25. Ng5 Nxd1 26. Rxd1 Rxe2 27. Qh4 h6 28. Ne6 Qf6 29. Qg3 Qe5 30. Qxe5 Bxe5 31. Bf3 Rb2 32. Bg4 Rxb3 33. Bxf5 gxf5 34. f4 Bf6 35. a5 c4 36. Re1 c3 0-1

[Site "Europe Echecs"]

[Event "Championnat d'Europe de Blitz"]
[Date "2024.12.09"]
[White "Djukic, Nikola"]
[Black "Grigoriants, Sergey"]
[WhiteElo "2493"]
[BlackElo "2542"]
[Round "10.15"]
[Result "1-0"]
[TimeControl "180+2"]

1. e4 e5 2. Nf3 Nc6 3. Bb5 a6 4. Ba4 Nf6 5. O-O b5 6. Bb3 Bc5 7. a4 Rb8 8. c3 d6 9. d4 Bb6 10. a5 Ba7 11. h3 O-O 12. Be3 exd4 13. cxd4 Nb4 14. Nc3 Bb7 15. e5 dxe5 16. Nxe5 Nfd5 17.
Nxd5 Bxd5 18. Rc1 Rc8 19. Bd2 c5 20. Bxb4 Bxb3 21. Qxb3 cxb4 22. Nc6 Qd7 23. Nxa7 Qxa7 24. Qxb4 Rcd8 25. Rfd1 Rd7 26. d5 Rfd8 27. d6 h6 28. Rc6 Re8 29. Qc5 Qa8 30. Rc7 Red8 31. Qc6 Qxc6 32. Rxc6 Ra8 33. b4 f6 34. Rc7 Rad8 35. Rc6 Ra8 36. f4 Kf7 37. f5 g6 38. g4 h5 39. Kf2 hxg4 40. hxg4 gxf5 41.
gxf5 Re8 42. Rxa6 Re5 43. Rb6 Rxf5+ 44. Ke3 Rh5 45. a6 Ke6 46. Rd4 Rh3+ 47. Kd2 Ra3 48. Kc2 Ke5 49. Rd1 f5 50. Kb2 Rh3 51. Rxb5+ Ke4 52. Re1+ Kd4 53. Rxf5 Kc4 54. Re4+ Kd3 55. Ref4 Rxd6 56. b5 Rh2+ 57. Kb3 Rh1 58. Kb4 Rb1+ 59. Kc5 Rd8 60. Rf3+ Ke4 61.
R5f4+ Ke5 62. Rf5 Ke4 63. R3f4+ Ke3 64. Ra4 Rc8+ 65. Kb6 Rb8+ 66. Ka5 Kd3 67. a7 Ra8 68. b6 1-0

[Site "Europe Echecs"]

[Event "Championnat d'Europe de Blitz"]
[Date "2024.12.09"]
[White "Ragger, Markus"]
[Black "Cvitan, Ognjen"]
[WhiteElo "2577"]
[BlackElo "2413"]
[Round "10.16"]
[Result "1/2-1/2"]
[TimeControl "180+2"]

1. d4 Nf6 2.
c4 e6 3. Nf3 d5 4. g3 Be7 5. Bg2 O-O 6. O-O c6 7. Qc2 b6 8. Rd1 Nbd7 9. Nbd2 c5 10. e4 dxc4 11. Nxc4 Bb7 12. e5 Nd5 13. Qe4 cxd4 14. Qg4 Kh8 15. Nxd4 Rc8 16. Nf3 b5 17. Ne3 Qc7 18. Nxd5 Bxd5 19. Bf4 Qb7 20. Ne1 Nb6 21. b3 Bxg2 22. Nxg2 Nd5 23. Bg5 h6 24. Bxe7 Nxe7 25. Nf4 Rc5 26. Re1 Nf5 27. Rad1 Qc7 28. Qe2 Rd8 29. Rxd8+ Qxd8 30. Rd1 Qc7 31. Qd3 Qxe5 32. Qd8+ Kh7 33. Nd3 Qc7 34. Nxc5 Qxc5 35.
Qd7 Kg6 36.
Qd3 h5 37.
h4 Kh7 38. Qe2 g6 39. Qd2 b4 40. Rc1 Qb6 41. Qd7 Kg7 42. Rc7 Nh6 43. Rb7 Qc5 44. Rc7 Qe5 45. Rc4 Nf5 46. Qd2 a5 47. Kf1 Qb5 48. Qb2+ e5 49. Qe2 Qd5 50. Kg1 Nd4 51. Qe3 Nf3+ 52. Kf1 Nd2+ 53. Ke1 Nxc4 54. bxc4 Qxc4 55. Qxe5+ Kh7 56. Qxa5 Qc5 1/2-1/2

[Site "Europe Echecs"]

[Event "Championnat d'Europe de Blitz"]
[Date "2024.12.09"]
[White "Gavrilescu, David"]
[Black "Peyrer, Konstantin"]
[WhiteElo "2549"]
[BlackElo "2440"]
[Round "10.17"]
[Result "0-1"]
[TimeControl "180+2"]

1. e4 e5 2. Bc4 Nf6 3. Nc3 Nc6 4. d3 Na5 5. Qf3 c6 6. a4 Nxc4 7. dxc4 Bb4 8. Nge2 d6 9. h3 Be6 10. b3 d5 11. cxd5 cxd5 12. exd5 Qxd5 13. Qxd5 Nxd5 14. Bd2 Nxc3 15. Nxc3 O-O-O 16. Ne4 Bxd2+ 17. Nxd2 Rhe8 18. Ke2 Bf5 19. Rac1 Rd4 20. Nc4 Be6 21. Ne3 f5 22. Rhd1 Kc7 23. c4 Kc6 24. Nc2 Rxd1 25. Rxd1 a5 26. Ke3 Kc5 27. f4 g5 28. fxe5 f4+ 29. Kf3 Bf7 30. Rd7 Bh5+ 31.
Kf2 Rxe5 32.
Nd4 Re4 33. Nf3 b6 34. Rxh7 Bxf3 35. Kxf3 Re3+ 36. Kg4 Rg3+ 37. Kf5 Rxg2 38. h4 f3 39. Ke4 f2 40. Rf7 g4 41. Ke3 g3 42. Rf5+ Kb4 43. h5 Rg1 44. h6 f1=Q 0-1

[Site "Europe Echecs"]

[Event "Championnat d'Europe de Blitz"]
[Date "2024.12.09"]
[White "Papasimakopoulos, Alexandros"]
[Black "Saric, Ante"]
[WhiteElo "2379"]
[BlackElo "2482"]
[Round "10.18"]
[Result "1/2-1/2"]
[TimeControl "180+2"]

1. d4 Nf6 2. c4 e6 3. Nc3 Bb4 4. Qb3 c5 5. dxc5 Bxc5 6. Nf3 b6 7. Bg5 Bb7 8. e3 O-O 9. Be2 Be7 10. O-O Na6 11. Rfd1 Nc5 12. Qc2 Nfe4 13. Bxe7 Qxe7 14. Nxe4 Bxe4 15. Qc3 a5 16. Nd2 Bc6 17. Bf3 Rac8 18. b3 Rfd8 19. Bxc6 dxc6 20. Nf3 Qf6 21. Qxf6 gxf6 22. Kf1 Ne4 23. Nd4 Rd6 24. f3 Nc5 25. Nc2 Rcd8 26. Rxd6 Rxd6 27. Ke2 Kf8 28. Nd4 Ke7 29. a3 Nb7 30. b4 c5 31. Nb5 Rd8 32. Rb1 axb4 33. axb4 Ra8 34. Nc3 Nd6 35. bxc5 bxc5 36. Kd3 h5 37. Rb2 h4 38. Ra2 Rxa2 39. Nxa2 Nb7 40.
Nc3 f5 41.
Ne2 Na5 42.
Kc3 Nc6 43.
f4 Kf6 44.
g3 hxg3 45.
Nxg3 Kg6 46. Kb3 Na5+ 47. Kc3 Nc6 48. h3 f6 49. h4 Kh6 50. Kb3 Na5+ 51. Kc3 Nc6 52. e4 fxe4 53. Nxe4 f5 54. Nxc5 e5 55. Nd3 e4 56. Ne5 Ne7 57. Kd4 Kh5 58. c5 Kxh4 59. c6 Kg3 60. Ke3 Nd5+ 61. Kd4 Nxf4 62.
Nc4 Ne6+ 63.
Ke5 Nc7 64.
Kxf5 Kf3 65. Ke5 e3 66. Nxe3 Kxe3 1/2-1/2

[Site "Europe Echecs"]

[Event "Championnat d'Europe de Blitz"]
[Date "2024.12.09"]
[White "Trushko, Andrii"]
[Black "Georgiev, Kiril"]
[WhiteElo "2143"]
[BlackElo "2537"]
[Round "10.19"]
[Result "0-1"]
[TimeControl "180+2"]

1. d4 Nf6 2.
Bg5 c5 3. c3 Qb6 4. Qc2 cxd4 5. Bxf6 d3 6. exd3 Qxf6 7. d4 g6 8. Nd2 Bg7 9. Ngf3 O-O 10. Bd3 d6 11. O-O e5 12. dxe5 dxe5 13. Rfe1 Nc6 14. Be4 Re8 15. Nc4 Bf5 16. Rad1 Rad8 17. Rxd8 Rxd8 18. h3 Bxe4 19. Qxe4 Qe6 20. Qe2 h6 21. a4 Re8 22. Rd1 e4 23. Nh2 Bf8 24. Ne3 Ne5 25. Nd5 Qf5 26. Ng4 Re6 27. Nde3 Qg5 28. Rd5 h5 29. Nxe5 Rxe5 30. Qb5 Rxd5 31.
Qxd5 Qxd5 32. Nxd5 f5 33. f3 exf3 34. gxf3 Kf7 35. Kf2 g5 36. b4 Bd6 37. c4 Ke6 38. Ke2 g4 39. fxg4 fxg4 40. hxg4 hxg4 41. Ne3 g3 42. c5 Bf4 43. Ng2 Bc7 44. Ne3 Ke5 45. b5 Kd4 46. c6 bxc6 47. bxc6 Kc5 48. Kf3 Kxc6 49. Nf5 Kc5 50.
Ne3 a5 51.
Ke4 Kb4 52. Kf3 Kxa4 53. Nd5 Bb8 54. Nb6+ Kb3 55. Nd7 Bd6 56. Nb6 a4 0-1

[Site "Europe Echecs"]

[Event "Championnat d'Europe de Blitz"]
[Date "2024.12.09"]
[White "Lagarde, Maxime"]
[Black "Nevednichy, Vladislav"]
[WhiteElo "2600"]
[BlackElo "2451"]
[Round "10.20"]
[Result "0-1"]
[TimeControl "180+2"]

1. e4 e6 2. d4 d5 3. e5 c5 4. c3 Nc6 5. Nf3 Bd7 6. Be2 a6 7. O-O Rc8 8. a3 Nge7 9. b4 cxd4 10. cxd4 Nf5 11. Be3 Be7 12. Bd3 Na7 13. Bxf5 exf5 14. Nbd2 g5 15. Nb3 f4 16. Bc1 Ba4 17. Rb1 Nb5 18. Qe1 Nc3 19. Rb2 Bb5 20. e6 O-O 21. exf7+ Rxf7 22. Ne5 Rf6 23. Nc5 Bxf1 24. Qxc3 Bb5 25. Qh3 b6 26. Nb3 Ba4 27. Bd2 Bd6 28. g3 Qf8 29. Qg4 Rf5 30. gxf4 Kh8 31. fxg5 Bxe5 32. dxe5 Rxf2 33. e6 Rf1+ 34. Kg2 Qf2+ 35. Kh3 Qf3+ 36. Qg3 Qh5+ 37. Kg2 Qe2+ 38. Kh3 Rf3 39. Bc3+ Rcxc3 40. Rxe2 Rxg3+ 41. hxg3 Rxb3 42. e7 Kg7 0-1

[Site "Europe Echecs"]

[Event "Championnat d'Europe de Blitz"]
[Date "2024.12.09"]
[White "Gatineau, Yovann"]
[Black "Sargissian, Gabriel"]
[WhiteElo "2363"]
[BlackElo "2628"]
[Round "10.21"]
[Result "0-1"]
[TimeControl "180+2"]

1. d4 d5 2.
c4 e6 3. Nf3 Nf6 4. Nc3 Nbd7 5. Bf4 Bb4 6. cxd5 Nxd5 7. Bd2 N5f6 8. e3 b6 9. Bd3 Bb7 10. O-O O-O 11. Re1 e5 12. Bc4 e4 13. Ng5 Bxc3 14. Bxc3 h6 15. Nh3 Nd5 16. Rc1 N7f6 17. Nf4 Nxf4 18. exf4 Bd5 19. Bf1 c6 20. b3 Re8 21. Bb2 a5 22. Re3 Qd6 23. g3 Qd7 24. a4 Ng4 25. Rec3 e3 26. f3 Nf2 27. Qe2 Nh3+ 28. Kg2 g5 29. fxg5 Nxg5 30. Kg1 Nxf3+ 0-1

[Site "Europe Echecs"]

[Event "Championnat d'Europe de Blitz"]
[Date "2024.12.09"]
[White "Perunovic, Miodrag"]
[Black "Kazakouski, Valery"]
[WhiteElo "2357"]
[BlackElo "2567"]
[Round "10.22"]
[Result "0-1"]
[TimeControl "180+2"]

1. d4 Nf6 2. Nf3 e6 3. e3 b6 4. Bd3 Bb7 5. O-O c5 6. c4 Bxf3 7. Qxf3 Nc6 8. d5 Ne5 9. Qd1 Nxd3 10. Qxd3 exd5 11. cxd5 Bd6 12.
a4 O-O 13.
Na3 Ng4 14.
h3 Ne5 15.
Qc2 f5 16.
Nc4 Nxc4 17.
Qxc4 Qe7 18. g3 a6 19. Bd2 Qe4 20. b3 h5 21. h4 Qf3 22. Kh2 Rae8 0-1

[Site "Europe Echecs"]

[Event "Championnat d'Europe de Blitz"]
[Date "2024.12.09"]
[White "Aizenberg, Benny"]
[Black "Van Foreest, Lucas"]
[WhiteElo "2425"]
[BlackElo "2520"]
[Round "10.23"]
[Result "1/2-1/2"]
[TimeControl "180+2"]

1. e4 e5 2. Nf3 Nc6 3. Bb5 Nf6 4. O-O Nxe4 5. d4 Nd6 6. Bxc6 dxc6 7. dxe5 Nf5 8. Qxd8+ Kxd8 9. h3 Be7 10. Nc3 Nh4 11. Nxh4 Bxh4 12. Be3 h5 13. Rad1+ Ke8 14. g3 Be7 15. Kg2 Bf5 16. Rd2 Bb4 17. a3 Bxc3 18. bxc3 Rd8 19. Rfd1 Rxd2 20.
Rxd2 Ke7 21.
f3 b6 22. g4 hxg4 23.
hxg4 Bg6 24.
c4 c5 25. f4 Be4+ 26. Kg3 g6 27. Bg1 Ke6 28. c3 Rh1 29. Rd1 Bc2 30. Re1 Bd3 31. Kg2 Rh8 32. Kg3 Bxc4 33. Rd1 Rh1 34. Kg2 Bd5+ 35. Kg3 a5 36. Re1 a4 37. Rf1 b5 38. Ra1 c6 39. Rb1 b4 40. cxb4 cxb4 41. axb4 a3 42. Ra1 a2 43. Bd4 Rh8 44. Rf1 Ra8 45. f5+ gxf5 46. gxf5+ Kd7 47. Kf4 Ra4 48. Bc3 c5 49. Rd1 Kc6 50. Ba1 Rxb4+ 51. Ke3 Rb1 52. Kd2 Kb5 53. Rc1 Rb3 54. Re1 Rb1 55. Rc1 Kb4 56. Bc3+ Kb3 57.
Ba1 c4 58. Rc3+ Kb4 59. Rc1 Rxc1 60. Kxc1 c3 61. f6 Kb3 62. Kd1 Be6 63. Kc1 Bg4 64. e6 Bxe6 65. Kd1 Bf5 66.
Kc1 Bg6 67.
Kd1 Kc4 68.
Kc1 Kd3 69. Kd1 Bf5 70. Kc1 Be6 71. Kd1 Bd5 72. Kc1 Be4 73. Kd1 Kd4 74. Kc1 Bc6 75. Kc2 Ba4+ 76. Kc1 Bd7 77. Kc2 Bf5+ 78. Kc1 Kd3 79.
Kd1 Bg6 80.
Kc1 c2 81. Bb2 Kc4 82. Ba1 Kb3 83. Bb2 Bh7 84. Ba1 Bf5 85. Bb2 Be6 86.
Ba1 Bd7 87. Kd2 Bc8 88. Kc1 Bb7 89. Kd2 Ba8 90. Kc1 Bb7 91. Bb2 Ba6 92. Ba1 Bd3 93. Bb2 Be2 94. Ba1 Bf1 95. Bb2 Bg2 96. Ba1 Bh3 97. Bb2 Bg4 98. Ba1 Bh5 99. Bb2 Bg6 100. Ba1 Bh7 101. Bb2 Bd3 102. Ba1 Bc4 103. Bb2 Bb5 104. Ba1 Ba6 105.
Bb2 Bb7 106. Ba1 Ba8 107. Bb2 Bb7 108. Ba1 Bc8 109. Bb2 Bd7 110.
Ba1 Be8 111. Bb2 Bc6 112. Ba1 Bd5 113. Bb2 Be6 114. Ba1 Bf5 115. Bb2 Kc4 116. Ba1 Kd3 117.
Bb2 Bg6 118. Ba1 Bh7 119. Bb2 Bg8 120. Bc3 Bh7 121. Ba1 Ke2 122. Bb2 Ke1 123. Ba1 Kf1 124. Bb2 a1=B 125. Bc3 Bb2+ 126. Bxb2 Kg1 127. Bc3 Kh1 128. Bb2 Kh2 129. Ba1 Kh3 130. Bc3 Bg6 131. Bb2 Kh4 132. Ba1 Kh5 133. Bb2 Kh6 134. Ba1 Kh7 135. Bb2 Kh8 136. Ba1 Kg8 137. Bb2 Kf8 138.
Ba1 Ke8 139. Bb2 Kd8 140. Ba1 Kc8 141. Bb2 Kb8 142. Ba1 Ka8 143. Bb2 Ka7 144. Ba1 Ka6 145. Bb2 Ka5 146. Ba1 Ka4 147. Bb2 Kb3 148. Ba1 Kc4 149.
Bb2 Kd3 150. Ba1 Ke4 151. Kxc2 Kd5+ 152. Kd2 1/2-1/2

[Site "Europe Echecs"]

[Event "Championnat d'Europe de Blitz"]
[Date "2024.12.09"]
[White "Fridman, Daniel"]
[Black "Diermair, Andreas"]
[WhiteElo "2571"]
[BlackElo "2433"]
[Round "10.24"]
[Result "1-0"]
[TimeControl "180+2"]

1. d4 Nf6 2. Nf3 d5 3. c4 e6 4. g3 Bb4+ 5. Nc3 O-O 6. Bg2 dxc4 7. O-O Nc6 8. Qa4 a5 9. Rd1 Bd7 10. Qc2 Rb8 11. Ne5 Qe7 12. Nxc4 Rfd8 13. Bf4 Be8 14. Nb5 Nd5 15. Bc1 Bd6 16. Ncxd6 cxd6 17. e4 Ncb4 18. Qe2 Nf6 19. a3 Bxb5 20. Qxb5 Nc2 21. Rb1 e5 22. d5 Qc7 23. Bg5 Nd4 24. Qd3 Qe7 25. Be3 Rbc8 26. Rbc1 h6 27. Bh3 Rc7 28. Rxc7 Qxc7 29. Bxd4 exd4 30. Qxd4 Re8 31. f3 Qc2 32. Qd2 Qc5+ 33. Qf2 Qc4 34. Qd2 Qc5+ 35. Kh1 a4 36. Rc1 Qb5 37. Bf1 Qb6 38. Kg2 h5 39. h4 Nd7 40. Qb4 Qe3 41. Qc3 Qb6 42. Rc2 Ne5 43. Be2 g6 44. Qb4 Qe3 45. Qxa4 Rd8 46. Qa5 Rf8 47. Qc3 Qb6 48. b4 Ra8 49. f4 Nd7 50. Qc7 Qd4 51. Bf3 Nf6 52. Qc3 1-0

[Site "Europe Echecs"]

[Event "Championnat d'Europe de Blitz"]
[Date "2024.12.09"]
[White "Danov, Lyubomir"]
[Black "Koelle, Tobias"]
[WhiteElo "2297"]
[BlackElo "2437"]
[Round "10.25"]
[Result "1-0"]
[TimeControl "180+2"]

1. e4 c5 2.
Nf3 d6 3. d4 cxd4 4. Nxd4 Nf6 5. Bd3 g6 6. O-O Bg7 7. c4 Nc6 8. Ne2 O-O 9. Nbc3 Nd7 10. b3 Nc5 11. Bb2 Be6 12. Rc1 a6 13. Bb1 Rb8 14. Qd2 b5 15. cxb5 axb5 16. Nd5 Bxb2 17. Qxb2 Ne5 18. Qd2 Ra8 19. Nd4 Bd7 20. f4 Nc6 21. Nxb5 Rb8 22. Nbc3 Be6 23. f5 Bxd5 24. Nxd5 f6 25. fxg6 hxg6 26. b4 Nxb4 27. Nxb4 Qb6 28.
Nd5 Nxe4+ 29. Nxb6 Nxd2 30. Rfd1 Rxb6 31. Rxd2 f5 32. a4 Rfb8 33. Bd3 Kg7 34. a5 Rb3 35. a6 Ra3 36. Bf1 Kf6 37. Rdd1 Rb2 38. Ra1 Rba2 39. Rxa2 Rxa2 40. Rb1 e5 41. Rb6 e4 42. Rxd6+ Ke5 43.
Rxg6 e3 44. Re6+ Kd4 45. h4 f4 46. h5 Kd5 47. Re8 Kd6 48. h6 f3 49. gxf3 e2 50. Rxe2 Ra5 51. h7 Rh5 52. Rh2 Rg5+ 53. Bg2 Re5 54. h8=Q 1-0

[Site "Europe Echecs"]

[Event "Championnat d'Europe de Blitz"]
[Date "2024.12.09"]
[White "Beerdsen, Thomas"]
[Black "Dobrikov, Marco"]
[WhiteElo "2502"]
[BlackElo "2407"]
[Round "10.26"]
[Result "1-0"]
[TimeControl "180+2"]

1. e4 e6 2. d4 d5 3. Nc3 Bb4 4. e5 c5 5. a3 Bxc3+ 6. bxc3 Qa5 7. Bd2 Qa4 8. Qg4 Ne7 9. Nf3 Nbc6 10. Qxg7 Rg8 11. Qxh7 cxd4 12. Qd3 dxc3 13. Bxc3 Bd7 14. g3 O-O-O 15.
Be2 Nf5 16.
O-O Qg4 17.
Rab1 Qh3 18.
Qa6 bxa6 19.
Bxa6+ Kc7 20. Rb7+ Kc8 21. Rb5+ Kc7 22. Rb7+ Kc8 23. Rfb1 Rdf8 24. Rb8+ 1-0

[Site "Europe Echecs"]

[Event "Championnat d'Europe de Blitz"]
[Date "2024.12.09"]
[White "Subelj, Jan"]
[Black "Bulmaga, Irina"]
[WhiteElo "2526"]
[BlackElo "2386"]
[Round "10.27"]
[Result "0-1"]
[TimeControl "180+2"]

1. e4 e5 2.
Nf3 Nc6 3.
Bb5 Nf6 4.
d3 Bc5 5.
Nbd2 O-O 6.
Nb3 Bd6 7.
O-O Re8 8.
a4 a6 9. Bc4 Bf8 10. Bg5 h6 11. Bh4 d6 12. c3 g5 13. Bg3 Bg4 14. Nbd2 Ne7 15. Qb3 Bh5 16. Bxe5 dxe5 17.
Nxe5 Ned5 18. d4 Rxe5 19. dxe5 Nb6 20. a5 Nxc4 21. Nxc4 Nd7 22. Qxb7 Be2 23. Qc6 Bxf1 24. Rxf1 Nc5 25. b4 Ne6 26. Ne3 Qe8 27. Qc4 Qb5 28. Qa2 Qxe5 29. f3 Qxc3 30. Nd5 Qd4+ 31. Kh1 c6 32. Nb6 Rd8 33. Qe2 Qd3 34. Qf2 Bxb4 35. h4 Bxa5 36. Ra1 Bc3 37. Rc1 Bd4 38. Qg3 Bxb6 39. hxg5 hxg5 40. Rxc6 Qd1+ 41. Kh2 Be3 42. Kh3 Qh1+ 43. Kg4 Bf4 44. Qf2 a5 45. g3 Be5 46. Qb6 Re8 47. Qb5 Ng7 0-1

[Site "Europe Echecs"]

[Event "Championnat d'Europe de Blitz"]
[Date "2024.12.09"]
[White "Maltsevskaya, Aleksandra"]
[Black "Saraci, Nderim"]
[WhiteElo "2368"]
[BlackElo "2431"]
[Round "10.28"]
[Result "0-1"]
[TimeControl "180+2"]

1. e4 d5 2. exd5 Qxd5 3. Nc3 Qd6 4. Nf3 Nf6 5. g3 c6 6. Bg2 Bg4 7. h3 Bh5 8. O-O Nbd7 9. d4 e6 10. a3 Qc7 11. Ne2 Bd6 12. Bf4 O-O 13. c4 Rad8 14. Qb3 Bxf4 15. Nxf4 Bxf3 16.
Bxf3 e5 17.
dxe5 Nxe5 18. Rad1 Qb6 19. Qc3 Qc5 20. Bg2 Ng6 21. Nxg6 hxg6 22. b4 Qf5 23. Rfe1 Rfe8 24. Rxd8 Rxd8 25. Qe3 Qc2 26. Qxa7 Rd7 27. c5 Rd2 28.
Qb8+ Kh7 29. Qf4 Qc3 30. Re3 Qc1+ 31. Kh2 Qb2 32. Rf3 Re2 33. Qh4+ Kg8 34. Qf4 g5 35. Qf5 Rd2 36. Bf1 Rd8 37. Kg2 g4 38. hxg4 Rf8 39. g5 Nd5 40. Bd3 g6 41. Qe4 Qd2 42. Bc4 Qxg5 43. Bxd5 cxd5 44. Qf4 Qe7 45. Rd3 Rd8 46. Qf3 d4 47. Qf4 Qd7 48. Qe4 Kg7 49. Qe5+ Kg8 50. Kg1 Qg4 51. Kg2 Qd7 52.
a4 Qc6+ 53.
Kg1 Re8 54. Qxe8+ Qxe8 55. b5 Qe4 56. Rd1 d3 57. c6 bxc6 58. b6 Qe2 59. Rb1 d2 0-1

[Site "Europe Echecs"]

[Event "Championnat d'Europe de Blitz"]
[Date "2024.12.09"]
[White "Paichadze, Luka"]
[Black "Maier, Christian"]
[WhiteElo "2532"]
[BlackElo "2235"]
[Round "10.29"]
[Result "1-0"]
[TimeControl "180+2"]

1. e4 e6 2.
d4 d5 3. e5 c5 4. c3 Nd7 5. Nf3 Ne7 6. Bd3 Nc6 7. O-O Be7 8. a3 a6 9. b4 cxd4 10. cxd4 Nb6 11. Nbd2 Bd7 12. Nb3 Na7 13. Re1 Ba4 14. Bc2 Rc8 15. Nc5 Bxc2 16. Qxc2 Qc7 17. Bg5 Nc4 18. Bxe7 Qxe7 19. Nd2 O-O 20. Nxc4 dxc4 21. Rad1 Rfd8 22. f4 Nb5 23. Qf2 Nxa3 24. f5 exf5 25. d5 c3 26. d6 Qg5 27. e6 fxe6 28. Nxe6 Qf6 29. Nxd8 Rxd8 30. d7 Qf7 31. Qe3 c2 32. Rc1 Nc4 33. Qe8+ Qf8 34. Qxd8 1-0

[Site "Europe Echecs"]

[Event "Championnat d'Europe de Blitz"]
[Date "2024.12.09"]
[White "Magold, Filip"]
[Black "Bernadskiy, Vitaliy"]
[WhiteElo "2428"]
[BlackElo "2546"]
[Round "10.30"]
[Result "0-1"]
[TimeControl "180+2"]

1. Nf3 Nf6 2. c4 g6 3. b3 Bg7 4. Bb2 d6 5. g3 e5 6. Bg2 O-O 7. d3 Nh5 8. Nc3 f5 9. e3 Nc6 10. a3 f4 11. Qc2 Bg4 12. Nd2 fxe3 13. fxe3 Bh6 14. Nd5 Ne7 15. Nf1 c6 16. Nxe7+ Qxe7 17. b4 Rf7 18. h3 Bf3 19. g4 Bxg2 20. Qxg2 Qh4+ 21. Ke2 Raf8 22. Rh2 Rxf1 23. Rxf1 Ng3+ 0-1

[Site "Europe Echecs"]

[Event "Championnat d'Europe de Blitz"]
[Date "2024.12.09"]
[White "Herega, Nejc"]
[Black "Dragnev, Valentin"]
[WhiteElo "2249"]
[BlackElo "2563"]
[Round "10.31"]
[Result "0-1"]
[TimeControl "180+2"]

1. d4 d5 2.
Nf3 e6 3.
Bf4 Bd6 4.
e3 Bxf4 5.
exf4 Ne7 6.
Nbd2 O-O 7.
c3 b6 8. g3 c5 9. Bd3 Ba6 10. Qe2 Bxd3 11.
Qxd3 Nbc6 12. O-O c4 13. Qc2 b5 14. Ne5 Qd6 15. a3 a5 16. Ndf3 h6 17. Nxc6 Nxc6 18. Ne5 b4 19. axb4 axb4 20. Nxc6 Qxc6 21. cxb4 Qb6 22. Rxa8 Rxa8 23. b3 Qxb4 24. bxc4 Qxc4 25. Qb2 Ra2 26. Qb8+ Kh7 27. Qb1+ g6 28. Rd1 Qe2 29. Rf1 Rd2 30. Qb7 Kg7 31. Qa7 Qe4 32. Qc7 Rxd4 33. h4 Rd3 34. h5 gxh5 35. Qd8 Qd4 36. Qh4 Qe4 37. Qxh5 Qf3 38. Qh4 Rd2 39. Qh3 d4 40. Qh4 d3 41. f5 Qxf5 42. Qd4+ Kh7 43. Qe3 Re2 44. Qd4 d2 45. Kh2 Qd5 46. Qf4 Qf5 47. Qc4 Re1 48. Kg2 Qd5+ 49. Qxd5 exd5 0-1

[Site "Europe Echecs"]

[Event "Championnat d'Europe de Blitz"]
[Date "2024.12.09"]
[White "Boyer, Mahel"]
[Black "Muter, Donny"]
[WhiteElo "2526"]
[BlackElo "2206"]
[Round "10.32"]
[Result "1-0"]
[TimeControl "180+2"]

1. Nf3 d6 2.
d4 c6 3. e4 Nf6 4. Bd3 Qc7 5. e5 dxe5 6. dxe5 Nd5 7. h3 g6 8. O-O Bg7 9. Re1 O-O 10. a3 b5 11. c4 bxc4 12. Bxc4 Nd7 13. e6 N7b6 14. exf7+ Rxf7 15. Ba2 e5 16. Nc3 Kh8 17. Ne4 Bf5 18. Qe2 Rff8 19. Nc5 Rae8 20. Ng5 e4 21. Ngxe4 Bd4 22. Qd2 Qg7 23. Rd1 Be5 24. Ng5 h6 25. Nf3 Bb8 26. Qxh6+ Kg8 27. Qxg7+ Kxg7 28. b4 Nf4 29. Bb2+ Kh6 30. Rd2 g5 31. Nh2 Re2 32. Rxe2 Nxe2+ 33. Kh1 Rd8 34. Nf3 g4 35. Ne5 Rd2 36. Nxc6 Rxb2 37. Nxb8 gxh3 38. Be6 hxg2+ 1-0

[Site "Europe Echecs"]

[Event "Championnat d'Europe de Blitz"]
[Date "2024.12.09"]
[White "Ghimpu, Samuel-Timotei"]
[Black "Stankovic, Milos"]
[WhiteElo "2475"]
[BlackElo "2462"]
[Round "10.33"]
[Result "1-0"]
[TimeControl "180+2"]

1. d4 d5 2.
Nf3 Nf6 3. Bf4 e6 4. Nbd2 Bd6 5. Bg5 h6 6. Bxf6 Qxf6 7. e4 dxe4 8. Nxe4 Qd8 9. Bd3 Nd7 10. Qe2 Nf6 11. O-O-O Nxe4 12. Qxe4 c6 13. Kb1 Bd7 14. Ne5 Qe7 15. f4 O-O-O 16. Rhe1 Be8 17. f5 Bc7 18. fxe6 Qxe6 19. Bc4 Qd6 20. Bxf7 Kb8 21. Qg4 g5 22. c3 Rf8 23. Bxe8 Rfxe8 24. Qf5 Qd5 25. Nd7+ Ka8 26. Qxd5 cxd5 27.
Rxe8 Rxe8 28. Nf6 Re2 29. g4 Bxh2 30. Nxd5 b6 31. Rf1 Re4 32. Rf8+ Kb7 33. Nf6 Rf4 34. Kc2 Rf2+ 35. Kb3 Bd6 36.
Rf7+ Ka6 37. a4 Rf3 38. Kc4 Rf2 39. b4 Bb8 40. Rf8 Bd6 41. Rf7 Bb8 42. Kb3 Rf3 43. b5+ Ka5 44. Rb7 Rxf6 45. Rxb8 Rf7 46. Rh8 Rf1 47. Rh7 a6 48. Ra7 1-0

[Site "Europe Echecs"]

[Event "Championnat d'Europe de Blitz"]
[Date "2024.12.09"]
[White "Krallis, Christos"]
[Black "Djurovic, Peko"]
[WhiteElo "2383"]
[BlackElo "2253"]
[Round "10.34"]
[Result "1-0"]
[TimeControl "180+2"]

1. e4 c5 2.
Nf3 Nc6 3. Bb5 e6 4. O-O Nge7 5. Re1 a6 6. Bf1 Ng6 7. c3 Be7 8. d4 cxd4 9. cxd4 d5 10. e5 O-O 11. Nc3 Bd7 12. g3 f6 13. exf6 Bxf6 14. h4 Qc7 15. h5 Nge7 16. Bh3 Rad8 17. Bxe6+ Bxe6 18. Rxe6 Nf5 19. Bf4 Qa5 20. h6 Nfxd4 21. Nxd4 Bxd4 22. hxg7 Bxg7 23. Qg4 Rf7 24. Rd1 d4 25. Ne4 Qf5 26. Qxf5 Rxf5 27. Bc7 Rdf8 28. Bd6 Rd8 29. f4 Rd5 30. Bc7 Rf8 31. Bd6 Rd8 32. Bc7 Rc8 33. Bb6 d3 34. Kg2 Bxb2 35. Nd6 Rf8 36. Nxb7 Nb4 37. Bc5 Rb8 38. Bxb4 Rxb7 39. a3 a5 40. Bxa5 Rxa5 41. Rxd3 Rxa3 42. Rd8+ Kg7 43. Kh3 Bf6 44. Rdd6 Rf7 45. Rc6 Rd3 46.
Kg4 h6 47. Re8 Bc3 48. Rcc8 Bd2 49. Kh5 Rxg3 50. Rg8+ Kf6 51. Rxg3 Bxf4 52. Rf3 Ke5 53. Rc2 Ke4 54. Rcf2 Rf5+ 55. Kg6 Rg5+ 56. Kf6 Rg4 57. Rb3 Be3 58. Rb4+ Bd4+ 59.
Ke6 Rg6+ 60. Kf7 Rd6 61. Ra2 h5 62. Rh2 Rd5 63. Rh4+ Kd3 64. Rb3+ Kc4 65. Rbh3 Kc5 66. Ke6 Re5+ 67.
Kd7 Kc4 68.
Rh1 Rd5+ 69.
Ke6 Re5+ 70.
Kd6 Re3 71. Rxh5 Bc3 72. R5h4+ Kd3 73. Rd1+ Bd2 74. Rh2 Re2 75. Rh3+ Re3 76. Rh5 Rg3 77. Rd5+ 1-0

[Site "Europe Echecs"]

[Event "Championnat d'Europe de Blitz"]
[Date "2024.12.09"]
[White "Todorovic, Goran N"]
[Black "Larkin, Vladyslav"]
[WhiteElo "2256"]
[BlackElo "2449"]
[Round "10.35"]
[Result "0-1"]
[TimeControl "180+2"]

1. Nf3 d6 2. d4 Bg4 3. c4 Nf6 4. Nc3 g6 5. e3 c6 6. h3 Bxf3 7. Qxf3 Bg7 8. Bd3 O-O 9. Bd2 e5 10. d5 Re8 11. e4 Nbd7 12. O-O a5 13. Rab1 Nh5 14. g3 Nc5 15. Be2 Rf8 16. Be3 Nd7 17. Qg2 Nhf6 18. Rbd1 Qe7 19. g4 Nc5 20. Rd2 cxd5 21.
cxd5 Nfd7 22. f3 Kh8 23. Rc2 f5 24. Nb5 b6 25. Na3 Nf6 26. Bxc5 0-1

[Site "Europe Echecs"]

[Event "Championnat d'Europe de Blitz"]
[Date "2024.12.09"]
[White "Navara, David"]
[Black "Gaponenko, Inna"]
[WhiteElo "2665"]
[BlackElo "2343"]
[Round "10.36"]
[Result "1-0"]
[TimeControl "180+2"]

1. d4 d5 2. c4 dxc4 3. e4 e5 4. Nf3 Bb4+ 5. Bd2 Bxd2+ 6. Qxd2 exd4 7. Nxd4 Ne7 8. Bxc4 Nbc6 9. Nxc6 Qxd2+ 10. Kxd2 Nxc6 11. Nc3 Be6 12. Bxe6 fxe6 13. Ke3 Ke7 14. f4 Rad8 15. Rad1 Rxd1 16. Rxd1 Rd8 17. Rxd8 Kxd8 18. g4 Kd7 19. h4 e5 20. f5 Nd4 21. g5 c6 22. Nd1 Nc2+ 23. Kd2 Nd4 24. Ke3 Nc2+ 25. Ke2 Nd4+ 26. Kf2 Nc2 27. Kf3 Nd4+ 28. Kg4 Nc2 29. h5 Ke7 30. Nf2 Ne3+ 31. Kf3 Nc2 32. Nd3 Nd4+ 33. Kg4 Kd6 34. h6 gxh6 35. g6 hxg6 36. fxg6 Ke6 37. Kh5 Kf6 38. Kxh6 Ne6 39. Nc5 Ng5 40. Nd7+ 1-0

[Site "Europe Echecs"]